 Dungeon Crawl Stone Soup version 0.30-a0-672-gc3a7216ad8 (webtiles) character file.

Game seed: 3285419097823466356

216 bande the Trooper (level 5, -8/47 HPs)
             Began as a Hill Orc Fighter on Jan 19, 2023.
             Mangled by an ogre
             ... wielding a +0 giant club
              (17 damage)
             ... on level 4 of the Dungeon.
             The game lasted 00:04:09 (2905 turns).

bande the Trooper (Hill Orc Fighter)                Turns: 2905, Time: 00:04:09

Health: -8/47      AC:  7    Str: 19    XL:     5   Next: 93%
Magic:  5/5        EV:  9    Int:  8    God:
Gold:   185        SH:  5    Dex: 12    Spells: 4/4 levels left

rFire   + . .      SeeInvis .    a - +0 war axe
rCold   . . .      Faith    .    c - +0 buckler
rNeg    . . .      Spirit   .    b - +0 scale mail
rPois   .          Reflect  .    (no helmet)
rElec   .          Harm     .    (no cloak)
rCorr   .          Rampage  .    (no gloves)
Will    .....                    (no boots) Stlth
                                 (no amulet)
HPRegen 0.27/turn                n - ring of flight
MPRegen 0.09/turn                y - ring of protection from fire

@: flying
A: no striking features
a: no special abilities


You were on level 4 of the Dungeon.
You visited 1 branch of the dungeon, and saw 4 of its levels.

You collected 185 gold pieces.

Inventory:

Hand Weapons
 a - a +0 war axe (weapon)
 m - a +0 war axe
Armour
 b - a +0 scale mail (worn)
 c - a +0 buckler (worn)
Jewellery
 n - a ring of flight (left hand)
 p - an amulet of magic regeneration
 w - the ring of Hieg Qowum {Fire MP+9 Int+3}
   (You found it on level 3 of the Dungeon)

   [ring of fire]

   It enhances your fire magic.
   Int:       It affects your intelligence (+3).
   rF:        It protects you from fire.
   rC:        It makes you vulnerable to cold.
   MP:        It affects your magic capacity (+9).
 y - a ring of protection from fire (right hand)
Wands
 v - a wand of acid (6)
Scrolls
 e - a scroll of magic mapping {unknown}
 f - 3 scrolls of amnesia {unknown}
 g - 6 scrolls of identify {unknown}
 i - a scroll of fear {unknown}
 l - a scroll of enchant armour {unknown}
 q - 2 scrolls of enchant weapon {unknown}
 r - 4 scrolls of blinking {unknown}
 s - a scroll of fog {unknown}
 t - a scroll of teleportation {unknown}
Potions
 d - a potion of might
 h - 2 potions of curing {unknown}
 j - a potion of mutation {unknown}
 k - 3 potions of berserk rage {unknown}
 o - a potion of ambrosia {unknown}
 u - a potion of lignification {unknown}
 x - 2 potions of haste {unknown}
 z - a potion of cancellation {unknown}


   Skills:
 + Level 4.8 Fighting
 + Level 4.7 Axes
 + Level 4.4 Armour
 * Level 4.1 Shields
 * Level 1.2 Evocations


You had 4 spell levels left.
You didn't know any spells.
Your spell library was empty.

Dungeon Overview and Level Annotations

Branches:
Dungeon (4/15)
 Temple: D:4-7

Altars:
Kikubaaqudgha
Ru
Trog
Xom
The Shining One

Shops:
D:1 *(


Message History

You see here a +0 scale mail.
There is a stone staircase leading down here.
There is a stone staircase leading down here.
You fly downwards.
There is a stone staircase leading up here.
Found a shimmering altar of Xom.
A hound comes into view.
The hound barks!
You slash the hound!
The hound is severely wounded.
The hound closely misses you. The hound bites you but does no damage.
You slash the hound!
You kill the hound!
No target in view!
No target in view!
No target in view!
No target in view!
You now have 169 gold pieces (gained 17).
You now have 185 gold pieces (gained 16).
An ogre comes into view. It is wielding a +0 giant club.
An ogre is nearby!
The ogre hits you with a +0 giant club!
You slash the ogre!
The ogre is moderately wounded.
The ogre barely misses you.
You slash the ogre!
The ogre is severely wounded.
The ogre hits you with a +0 giant club!!
Ouch! That really hurt!
* * * LOW HITPOINT WARNING * * *
You are too injured to fight recklessly!
You are too injured to fight recklessly!
You are too injured to fight recklessly!
You are too injured to fight recklessly!
You are too injured to fight recklessly!
You are too injured to fight recklessly!
You hit the ogre.
The ogre is severely wounded.
The ogre hits you with a +0 giant club!
You die...

#...# #...#
#######...#
#.........#
#.........#
#.........#
#......####
#.$.......#
#...@.....#
#....O....#
#.........#
######....#
......
....##
....# ...#


You could see an ogre.

Vanquished Creatures
  A hound (D:4)
  An iguana (D:2)
  4 gnolls (D:3)
  4 adders
  2 dart slugs (D:3)
  5 orcs (D:3)
  6 endoplasms
  7 giant cockroaches
  8 goblins
  9 hobgoblins
  2 jackals (D:3)
  5 kobolds
  2 quokkas (D:2)
  4 ball pythons
  4 bats
  5 frilled lizards
  7 rats
76 creatures vanquished.

Notes
Turn   | Place    | Note
-------+----------+-------------------------------------------
     0 | D:1      | bande the Hill Orc Fighter began the quest for the Orb.
     0 | D:1      | Reached XP level 1. HP: 19/19 MP: 1/1
    69 | D:1      | Found Myevaf's Antique Weapon Shop.
    75 | D:1      | Reached XP level 2. HP: 23/27 MP: 2/2
   285 | D:1      | Found Maisifac's General Store.
   577 | D:1      | Reached XP level 3. HP: 33/33 MP: 3/3
   978 | D:2      | Reached XP level 4. HP: 41/41 MP: 4/4
  1123 | D:2      | Found a faded altar of an unknown god.
  1851 | D:3      | Found a bloodstained altar of Trog.
  1861 | D:3      | Reached XP level 5. HP: 47/47 MP: 5/5
  1927 | D:3      | Identified the ring of Hieg Qowum {Fire MP+9 Int+3}
  2128 | D:3      | Found a glowing golden altar of the Shining One.
  2348 | D:3      | Reached skill level 1 in Evocations
  2736 | D:3      | Found an ancient bone altar of Kikubaaqudgha.
  2796 | D:3      | Found a sacrificial altar of Ru.
  2837 | D:4      | Found a shimmering altar of Xom.
  2899 | D:4      | Noticed an ogre
  2905 | D:4      | Mangled by an ogre

Illustrated notes

Levels and vault maps discovered:
D:1:      lemuel_arrival_cross, layout_basic, serial_shops, shop_statue,
          nicolae_shop_stone
D:2:      minmay_diamond_boxcup, layout_basic,
          shapermc_ecumenical_altar_starsandcircs, corner_web_ring,
          corexii_item_surrounded_by_moat, minmay_3d_cube
D:3:      layout_loops_ring, mainiacjoe_overflow_small_starburst, tso_altar,
          general_overflow_altar, lemuel_coloured_pillars_altar,
          chequers_serial_rivers_small_3
D:4:      layout_basic, mainiacjoe_overflow_cross_hatched, uniq_menkaure

Skill      XL: |  1  2  3  4  5 |
---------------+----------------+-----
Fighting       | 4 |  4.8
Axes           | 3 4 |  4.7
Armour         | 4 |  4.4
Shields        | 4 |  4.1
Evocations     | 1 |  1.2

Action                   |  1- 3 |  4- 6 || total
-------------------------+-------+-------++-------
Melee: War axe           |    64 |   127 ||   191
Armor: Scale mail        |    29 |    60 ||    89
Dodge: Dodged            |    37 |    67 ||   104
Block: Buckler           |     8 |    28 ||    36

Table legend: (Time is in decaauts)
 A = Elapsed time spent in this place.
 B = Non-inter-level travel time spent in this place.
 C = Inter-level travel time spent in this place.
 D = Time resting spent in this place.
 E = Time spent auto-exploring this place.
 F = Levels seen in this place.
 G = Mean time per level.
                   A        B        C        D        E       F      G
               +--------+--------+--------+--------+--------+-----+--------+
         Total |   2970 |   2881 |     89 |    237 |   2085 |   4 |  742.5 |
       Dungeon |   2970 |   2881 |     89 |    237 |   2085 |   4 |  742.5 |
               +--------+--------+--------+--------+--------+-----+--------+

Top non-repeatable levels by time:
     D:3: 1048 daAuts
     D:2: 989 daAuts
     D:1: 861 daAuts
     D:4: 71 daAuts
